 Dungeon Crawl Stone Soup version 0.27-a0-1200-g94dc6ad4cf (webtiles) character file.

Game seed: 4716139879639600511

67 Glokmah the Skirmisher (level 3, -3/29 HPs)
             Began as a Demonspawn Monk on May 30, 2021.
             Was a Priest of Kikubaaqudgha.
             Slain by an ogre
             ... wielding a +0 giant club
              (14 damage)
             ... on level 3 of the Dungeon.
             The game lasted 00:04:36 (3114 turns).

Glokmah the Skirmisher (Demonspawn Monk)            Turns: 3114, Time: 00:04:36

Health: -3/29      AC:  5    Str: 11    XL:     3   Next: 98%
Magic:  1/4        EV: 12    Int: 12    God:    Kikubaaqudgha [***...]
Gold:   125        SH:  0    Dex: 15    Spells: 3/4 levels left

rFire    . . .     SeeInvis .   a - +0 hand axe
rCold    . . .     Faith    +   (no shield)
rNeg     . . .     Spirit   .   b - +0 robe
rPois    .         Reflect  .   (no helmet)
rElec    .         Harm     .   (no cloak)
rCorr    .         Rampage  .   f - +0 pair of gloves
Will     .....                  d - +0 pair of boots
Stlth    ++........             g - amulet of faith
HPRegen  0.09/turn              (no ring)
MPRegen  0.18/turn              (no ring)

@: no status effects
A: magic regeneration, sharp scales 1
a: Renounce Religion, Receive Corpses


You were on level 3 of the Dungeon.
You worshipped Kikubaaqudgha.
Kikubaaqudgha was most pleased with you.
You visited 1 branch of the dungeon, and saw 3 of its levels.

You collected 125 gold pieces.

Inventory:

Hand Weapons
 a - a +0 hand axe (weapon)
Armour
 b - a +0 robe (worn)
 d - a +0 pair of boots (worn)
 f - a +0 pair of gloves (worn)
Jewellery
 g - an amulet of faith (around neck)
Scrolls
 e - a scroll of identify {unknown}
 h - a scroll of teleportation {unknown}
 i - a scroll of amnesia {unknown}
 j - a scroll of enchant weapon {unknown}
Potions
 c - a potion of brilliance {unknown}


   Skills:
 + Level 3.6 Fighting
 - Level 3.3 Axes
 - Level 2.6 Dodging
 - Level 1.7 Stealth
 + Level 1.2 Spellcasting
 * Level 1.4 Necromancy


You had 3 spell levels left.
You knew the following spells:

 Your Spells              Type           Power      Damage    Failure   Level
a - Pain                  Necr           16%        1d4       17%         1

Your spell library contained the following spells:

 Spells                   Type           Power      Damage    Failure   Level
 Sublimation of Blood     Necr           2%         N/A       26%         2
 Corpse Rot               Necr/Air       N/A        N/A       32%         2
 Vampiric Draining        Necr           2%         2d6       45%         3
 Animate Dead             Necr           2%         N/A       86%         4
 Dispel Undead            Necr           4%         3d7       86%         4
 Borgnjor's Vile Clutch   Necr/Erth      1%         N/A       99%         5
 Excruciating Wounds      Necr           2%         N/A       99%         5
 Death Channel            Necr           2%         N/A       100%        6


Dungeon Overview and Level Annotations

Branches:
Dungeon (3/15)

Altars:
Kikubaaqudgha


Innate Abilities, Weirdness & Mutations

You regenerate magic rapidly.
You are partially covered in razor-sharp scales. (AC +1, Slay +1)


Message History

Confirm with . or Enter, or press ? or * to list all spells.
Aiming: Pain (safe; 17% risk of failure)
Press: ? - help, Shift-Dir - straight line, f - you
Okay, then.
Casting: Pain (safe; 17% risk of failure)
Confirm with . or Enter, or press ? or * to list all spells.
Aiming: Pain (safe; 17% risk of failure)
Press: ? - help, Shift-Dir - straight line, f - ogre
Aim: an ogre, wielding a +0 giant club (asleep, chance to affect: 45%)
The ogre shouts!
The ogre resists with some effort.
You hear a shout! x3
An orc comes into view. It is wielding a +0 short sword.
Casting: Pain (safe; 17% risk of failure)
Confirm with . or Enter, or press ? or * to list all spells.
Aiming: Pain (safe; 17% risk of failure)
Press: ? - help, Shift-Dir - straight line, f/p - ogre
Aim: an ogre, wielding a +0 giant club (chance to affect: 45%)
The ogre resists with some effort.
Casting: Pain (safe; 17% risk of failure)
Confirm with . or Enter, or press ? or * to list all spells.
Aiming: Pain (safe; 17% risk of failure)
Press: ? - help, Shift-Dir - straight line, f/p - ogre
Aim: an ogre, wielding a +0 giant club (chance to affect: 45%)
The ogre resists with some effort.
Casting: Pain (safe; 17% risk of failure)
Confirm with . or Enter, or press ? or * to list all spells.
Aiming: Pain (safe; 17% risk of failure)
Press: ? - help, Shift-Dir - straight line, f/p - ogre
Aim: an ogre, wielding a +0 giant club (chance to affect: 45%)
The ogre writhes in agony.
You hit the ogre.
The ogre is moderately wounded.
The ogre hits you with a +0 giant club!
Ouch! That really hurt!
You hit the ogre.
The ogre is heavily wounded.
The ogre hits you with a +0 giant club!
You die...
Kikubaaqudgha rasps: "You have failed me!
Welcome... death!"

########.###..#..........#
....................#....#
##.........#..#.###.#.....
................# #.#...††
##.........#.##.....#.#...
#.........#..............
#.........#..#. ..#..#...
#.........#..# ...#..#...
#.......@.#..# .........
.........O....... ........
.......o......... ......
.................
.................
.................
...............
...............


You could see an ogre and an orc.

Vanquished Creatures
  An adder (D:2)
  2 dart slugs (D:1)
  6 bats
  3 endoplasms
  A giant cockroach (D:2)
  3 hobgoblins
  7 jackals (D:1)
  A quokka (D:1)
  5 ball pythons
  3 frilled lizards
  6 goblins
  7 kobolds
  3 rats
48 creatures vanquished.

Notes
Turn   | Place    | Note
-------+----------+-------------------------------------------
     0 | D:1      | Glokmah the Demonspawn Monk began the quest for the Orb.
     0 | D:1      | Reached XP level 1. HP: 18/18 MP: 1/1
   261 | D:1      | Gained mutation: You regenerate magic rapidly. [demonic
                  | ancestry]
   261 | D:1      | Reached XP level 2. HP: 19/24 MP: 2/2
  1280 | D:1      | Gained mutation: You are partially covered in razor-sharp
                  | scales. (AC +1, Slay +1) [demonic ancestry]
  1280 | D:1      | Reached XP level 3. HP: 22/29 MP: 2/4
  1504 | D:1      | Found a faded altar of an unknown god.
  1512 | D:1      | Became a worshipper of Kikubaaqudgha
  1512 | D:1      | Reached * piety under Kikubaaqudgha
  1512 | D:1      | Identified Kikubaaqudgha's Grimoire of Evil (Kikubaaqudgha
                  | gifted it to you on level 1 of the Dungeon)
  1512 | D:1      | Received a gift from Kikubaaqudgha
  1512 | D:1      | Reached ** piety under Kikubaaqudgha
  1664 | D:1      | Reached skill level 1 in Spellcasting
  1739 | D:1      | Reached *** piety under Kikubaaqudgha
  1739 | D:1      | Identified Kikubaaqudgha's Disquisition on Evil Rites
                  | (Kikubaaqudgha gifted it to you on level 1 of the Dungeon)
  1739 | D:1      | Received a gift from Kikubaaqudgha
  2543 | D:2      | Reached skill level 1 in Necromancy
  3093 | D:3      | Noticed an ogre
  3102 | D:3      | Learned a level 1 spell: Pain
  3114 | D:3      | Slain by an ogre

Illustrated notes

Levels and vault maps discovered:
D:1:      erik_arrival_blinker_ship, layout_basic,
          chequers_ecumenical_altar_simple, chequers_serial_rivers_small_a,
          minmay_tiny_reverse_x
D:2:      layout_basic
D:3:      layout_basic, pdpol_temple_overflow_zin_treasury_gozag_greed,
          uniq_terence, uniq_natasha

Skill      XL: |  1  2  3 |
---------------+----------+-----
Axes           | 3 |  3.3
Spellcasting   | 1 |  1.2
Necromancy     | 1 |  1.4
Fighting       | |  3.6
Dodging        | |  2.6
Stealth        | |  1.7

Action                   || total
-------------------------++-------
Melee: Hand axe          ||   161
 Cast: Pain              ||     4
 Stab: Sleeping          ||     3
Armor: Robe              ||    44
Dodge: Dodged            ||    96

Table legend: (Time is in decaauts)
 A = Elapsed time spent in this place.
 B = Non-inter-level travel time spent in this place.
 C = Inter-level travel time spent in this place.
 D = Time resting spent in this place.
 E = Time spent auto-exploring this place.
 F = Levels seen in this place.
 G = Mean time per level.
                   A        B        C        D        E       F      G
               +--------+--------+--------+--------+--------+-----+--------+
         Total |   3139 |   2928 |    211 |    832 |   1525 |   3 | 1046.3 |
       Dungeon |   3139 |   2928 |    211 |    832 |   1525 |   3 | 1046.3 |
               +--------+--------+--------+--------+--------+-----+--------+

Top non-repeatable levels by time:
     D:1: 2133 daAuts
     D:2: 842 daAuts
     D:3: 163 daAuts
